 Dungeon Crawl Stone Soup version 0.29.1-1-gd02db6906a (webtiles) character file.

Game seed: 11938863773739438687

1998 jamesp the Covert (level 9, 0/42 HPs)
             Began as a Vine Stalker Enchanter on Sept 27, 2022.
             Was a Priest of Uskayaw.
             Slain by a gnoll sergeant
             ... wielding a +2 spear of venom
              (1 damage)
             ... on level 7 of the Dungeon.
             The game lasted 00:26:53 (5137 turns).

jamesp the Covert (Vine Stalker Enchanter)          Turns: 5137, Time: 00:26:54

Health: 0/42       AC: 10    Str: 11    XL:     9   Next: 21%
Magic:  0/13       EV: 13    Int: 23    God:    Uskayaw [***...]
Gold:   219        SH:  0    Dex: 17    Spells: 10/12 levels left

rFire   + . .      SeeInvis .   E - +2 dagger (venom)
rCold   . . .      Faith    .   (no shield)
rNeg    . . .      Spirit   +   I - +2 leather armour {rF+}
rPois   .          Reflect  .   H - +2 helmet
rElec   .          Harm     .   (no cloak)
rCorr   .          Rampage  .   F - +0 pair of gloves
Will    +....                   A - +0 pair of boots
Stlth   ++++......              h - amulet of magic regeneration
HPRegen 0.94/turn               M - +6 ring of intelligence
MPRegen 0.53/turn               (no ring)

@: mighty, lethally poisoned (0 -> -21)
A: fangs 3, regeneration 1, magic shield, antimagic bite, no potion heal 2
a: Renounce Religion, Stomp, Line Pass


You were on level 7 of the Dungeon.
You worshipped Uskayaw.
Uskayaw was noncommittal.
You visited 2 branches of the dungeon, and saw 8 of its levels.

You collected 219 gold pieces.

Inventory:

Hand Weapons
 a - a +1 dagger
 m - a +1 dagger of freezing
 E - a +2 dagger of venom (weapon)
Missiles
 d - 2 javelins
 e - 32 stones (quivered)
 n - 18 boomerangs
 y - 23 poisoned darts
 L - 4 throwing nets
Armour
 b - a +0 robe
 g - a +0 leather armour
 w - a +0 leather armour
 A - a +0 pair of boots (worn)
 F - a +0 pair of gloves (worn)
 H - a +2 helmet (worn)
 I - a +2 leather armour of fire resistance (worn)
Magical Staves
 r - a staff of death
Jewellery
 h - an amulet of magic regeneration (around neck)
 C - an amulet of reflection
 M - a +6 ring of intelligence (left hand)
 O - an amulet of faith
Wands
 t - a wand of mindburst (4)
 x - a wand of digging (3)
Scrolls
 q - 4 scrolls of butterflies
 u - 3 scrolls of summoning {unknown}
 v - a scroll of torment {unknown}
 B - a scroll of fear {unknown}
 G - a scroll of enchant armour {unknown}
 J - a scroll of teleportation {unknown}
 K - a scroll of vulnerability {unknown}
 N - a scroll of enchant weapon {unknown}
Potions
 c - 4 potions of invisibility
 f - 3 potions of magic
 i - 2 potions of degeneration
 j - a potion of cancellation
 k - a potion of attraction {unknown}
 l - a potion of ambrosia {unknown}
 o - 3 potions of curing
 p - a potion of might
 s - 3 potions of berserk rage
 z - a potion of flight
 D - a potion of haste {unknown}


   Skills:
 + Level 2.0 Fighting
 + Level 6.3 Short Blades
 - Level 3.0 Armour
 - Level 4.0 Dodging
 + Level 9.8 Stealth
 - Level 2.1 Spellcasting
 - Level 3.0 Hexes


You had 10 spell levels left.
You knew the following spells:

 Your Spells              Type           Power      Damage    Failure   Level
a - Ensorcelled Hibernat  Hex/Ice        18%        N/A       13%         2

Your spell library contained the following spells:

 Spells                   Type           Power      Damage    Failure   Level
 Confusing Touch          Hex            16%        N/A       14%         3
 Tukima's Dance           Hex            16%        N/A       14%         3
 Shock                    Conj/Air       8%         1d3       16%         1
 Poisonous Vapours        Pois/Air       4%         N/A       24%         2
 Dazzling Flash           Conj/Hex       18%        N/A       26%         3
 Frozen Ramparts          Ice            4%         1d1       43%         3
 Swiftness                Air            2%         N/A       43%         3
 Airstrike                Air            1%         2d(1-17)  85%         4
 Corpse Rot               Necr/Pois/Air  2%         N/A       85%         4
 Ice Form                 Ice/Tmut       2%         N/A       85%         4
 Summon Ice Beast         Ice/Summ       2%         N/A       85%         4


Dungeon Overview and Level Annotations

Branches:
Dungeon (7/15)             Temple (1/1) D:4

Altars:
Cheibriados
Elyvilon
Fedhas
Gozag
Hepliaklqana
Makhleb
Nemelex Xobeh
Okawaru
Sif Muna
Trog
Uskayaw
Vehumet
Wu Jian

Shops:
D:1 (


Innate Abilities, Weirdness & Mutations

You have razor-sharp teeth.
Your natural rate of healing is unusually fast.
When hurt, damage is shared between your health and your magic reserves.
Your bite disrupts and absorbs the magic of your enemies.
Potions cannot restore your health.


Message History

The gnoll sergeant shouts!
You hit the gnoll.
The gnoll is poisoned.
Your bite misses the gnoll.
The gnoll is lightly wounded.
A sky beast and a gnoll come into view.
The gnoll completely misses you.
The gnoll sergeant hits you but does no damage.
You are poisoned.
The sky beast flickers out of sight!
Deactivating autopickup; reactivate with Ctrl-A.
The sky beast moves out of view.
You closely miss the gnoll sergeant. Your bite misses the gnoll sergeant.
You feel sick. The gnoll hits you with a +0 flail.
The gnoll sergeant hits you with a +2 spear of venom!
You are more poisoned.
You closely miss the gnoll sergeant.
You bite the gnoll sergeant, but do no damage.
You feel very sick. The gnoll barely misses you.
The gnoll sergeant completely misses you.
You hit the gnoll sergeant but do no damage.
The gnoll sergeant is poisoned.
Your bite misses the gnoll sergeant.
You feel very sick.
You hit the gnoll sergeant but do no damage.
The gnoll sergeant looks as sick as possible!
You feel very sick.
A killer bee comes into view.
The gnoll sergeant hits you with a +2 spear of venom.
You are more poisoned.
The gnoll barely misses you. The gnoll attacks as you move away!
The gnoll hits you with a +0 flail.
* * * LOW HITPOINT WARNING * * *
You feel extremely sick.
The gnoll sergeant hits you from afar with a +2 spear of venom.
* * * LOW HITPOINT WARNING * * *
You are more poisoned.
You feel very mighty all of a sudden.
* * * LOW HITPOINT WARNING * * *
You feel extremely sick.
The gnoll sergeant hits you from afar with a +2 spear of venom!
You die...

........).#
##.#####''# # #.#
♣..♣ #####.# #.#
♣..♣ #.....
#.##♣♣##.#♣♣##y.####
#..+..#.#..)).......
##.+...#.#..)...##
##♣♣#.##♣♣#.#.# ♣..♣
##.#@#### ♣..♣
#.gg....# #''#
#.g####.# #... #...
# ##....... ..#....#
.. ....## . .#....
......


You could see a gnoll sergeant (extremely poisoned), a killer bee (wandering)
and 2 gnolls.

Vanquished Creatures
  A steam dragon (D:7)
  2 ogres
  3 sky beasts
  2 bullfrogs
  A kobold brigand (D:5)
  A scorpion (D:6)
  2 necrophages
  5 howler monkeys
  5 hounds
  3 orc priests
  3 jellies
  2 gnoll boudas
  An iguana (D:5)
  Ijyb (D:3)
  An orc wizard (D:7)
  17 gnolls
  8 adders
  A white imp (D:7)
  An ufetubus (D:5)
  2 worms
  2 dart slugs (D:4)
  24 orcs
  6 bats
  8 endoplasms
  3 giant cockroaches
  7 goblins
  7 hobgoblins
  7 jackals
  3 quokkas (D:4)
  4 ball pythons
  A frilled lizard (D:2)
  18 kobolds
  12 rats
164 creatures vanquished.

Vanquished Creatures (others)
  3 plants (D:3)
3 creatures vanquished.

Grand Total: 167 creatures vanquished

Notes
Turn   | Place    | Note
-------+----------+-------------------------------------------
     0 | D:1      | jamesp the Vine Stalker Enchanter began the quest for the
                  | Orb.
     0 | D:1      | Reached XP level 1. HP: 9/9 MP: 4/4
    41 | D:1      | Found Ecweapre's Antique Weapon Emporium.
    92 | D:1      | Reached skill level 1 in Short Blades
   124 | D:1      | Found a faded altar of an unknown god.
   146 | D:1      | Reached XP level 2. HP: 12/13 MP: 6/6
   149 | D:1      | Learned a level 2 spell: Ensorcelled Hibernation
   284 | D:1      | Reached skill level 4 in Stealth
   490 | D:1      | Reached XP level 3. HP: 8/16 MP: 5/7
  1436 | D:2      | Gained mutation: Your natural rate of healing is unusually
                  | fast. [Vine Stalker growth]
  1436 | D:2      | Reached XP level 4. HP: 18/21 MP: 6/8
  1790 | D:3      | Found an opulent altar of Gozag.
  1993 | D:3      | Noticed Ijyb
  2017 | D:3      | Killed Ijyb
  2018 | D:3      | Reached skill level 5 in Stealth
  2029 | D:3      | Reached XP level 5. HP: 23/24 MP: 9/9
  2830 | D:4      | Reached XP level 6. HP: 28/28 MP: 10/10
  2875 | D:4      | Reached skill level 6 in Stealth
  3191 | D:4      | Reached XP level 7. HP: 32/32 MP: 11/11
  3310 | D:4      | Found a staircase to the Ecumenical Temple.
  3319 | Temple   | Entered the Ecumenical Temple
  3354 | Temple   | Became a worshipper of Uskayaw the Reveller
  3437 | D:5      | Entered Level 5 of the Dungeon
  3460 | D:5      | Reached * piety under Uskayaw
  3535 | D:5      | Reached ** piety under Uskayaw
  3554 | D:5      | Reached skill level 7 in Stealth
  3938 | D:5      | Found a blossoming altar of Fedhas.
  3941 | D:5      | Found an ornate altar of the Wu Jian Council.
  4071 | D:6      | Gained mutation: You have razor-sharp teeth. [Vine Stalker
                  | growth]
  4071 | D:6      | Reached XP level 8. HP: 36/36 MP: 12/12
  4079 | D:6      | Reached *** piety under Uskayaw
  4154 | D:6      | Reached skill level 1 in Armour
  4211 | D:6      | Reached skill level 5 in Short Blades
  4211 | D:6      | Reached skill level 8 in Stealth
  4274 | D:5      | Found a snail-covered altar of Cheibriados.
  4274 | D:5      | Found a shimmering blue altar of Sif Muna.
  4529 | D:6      | Found an iron altar of Okawaru.
  4829 | D:7      | Reached **** piety under Uskayaw
  4832 | D:7      | Reached skill level 9 in Stealth
  4942 | D:7      | Reached skill level 1 in Fighting
  4942 | D:7      | Reached XP level 9. HP: 36/41 MP: 13/13
  5137 | D:7      | HP: 1/42 [poisoned by a gnoll sergeant]
  5137 | D:7      | Slain by a gnoll sergeant

Illustrated notes

Levels and vault maps discovered:
D:1:      psy_arrival_terrarium, layout_basic, shapermc_ecumenical_altar_gd,
          serial_shops, shop, hangedman_abyss_or_decor_stabs
D:2:      minmay_general_purpose_star, layout_basic
D:3:      cheibrodos_old_hovel, layout_rooms, nicolae_gozag_seed_capital,
          uniq_ijyb
D:4:      layout_cave_pools, minmay_temple_entry_butterflies
D:5:      layout_rooms, nicolae_overflow_hidden_temple,
          nicolae_underground_beach
D:6:      layout_basic, okawaru_ov_weapons_minmay
D:7:      layout_loops_ring, st_stairs_2, kennysheep_generic_room_3, uniq_maggie
Temple:   dshaligram_water_room_temple

Skill      XL: |  1  2  3  4  5  6  7  8  9 |
---------------+----------------------------+-----
Short Blades   | 1 2 3 4 6 |  6.3
Stealth        | 4 5 6 7 9 |  9.8
Dodging        | 2 3 4 |  4.0
Armour         | 3 |  3.0
Fighting       | 1 2 |  2.0
Spellcasting   | |  2.1
Hexes          | |  3.0

Action                   |  1- 3 |  4- 6 |  7- 9 || total
-------------------------+-------+-------+-------++-------
Melee: Dagger            |    93 |   188 |   197 ||   478
       Bite              |    14 |    60 |    67 ||   141
       Punch             |       |     2 |     3 ||     5
Throw: Stone             |     5 |       |       ||     5
Invok: Stomp             |       |       |     1 ||     1
Evoke: Wand              |       |       |     1 ||     1
  Use: Scroll            |       |     6 |     2 ||     8
       Potion            |       |       |     1 ||     1
 Stab: Sleeping          |    13 |     3 |    13 ||    29
       Distracted        |     1 |       |     1 ||     2
       Paralysed         |       |       |     7 ||     7
Armor: Robe              |     7 |    30 |     1 ||    38
       Leather armour    |       |       |    46 ||    46
Dodge: Dodged            |    50 |   143 |   112 ||   305
